 Dungeon Crawl Stone Soup version 0.20.1-1-g8b1a95d (webtiles) character file.

43 Tr0llz0r the Skirmisher (level 3, -1/33 HPs)
             Began as a Minotaur Monk on Aug 25, 2017.
             Slain by a hobgoblin
             ... wielding a +0 club
              (5 damage)
             ... on level 1 of the Dungeon.
             The game lasted 00:04:21 (1058 turns).

Tr0llz0r the Skirmisher (Minotaur Monk)             Turns: 1058, Time: 00:04:22

Health: -1/33      AC:  2    Str: 16    XL:     3   Next: 37%
Magic:  2/2        EV: 14    Int:  7    God:
Gold:   94         SH:  0    Dex: 14    Spells: 2/2 levels left

rFire    . . .     SeeInvis +   a - +0 mace
rCold    . . .     Gourm    .   (no shield)
rNeg     . . .     Faith    .   b - +0 robe
rPois    .         Spirit   .   (helmet restricted)
rElec    .         Reflect  .   (no cloak)
rCorr    .         Harm     .   (no gloves)
MR       .....                  (no boots)
Stlth    ++........             (no amulet)
Regen    0.2/turn               i - +2 ring of dexterity
MPRegen  0.1/turn               l - ring of see invisible

@: no status effects
A: retaliatory headbutt, horns 2
a: no special abilities


You were on level 1 of the Dungeon.
You were not hungry.

You visited 1 branch of the dungeon, and saw 1 of its levels.

You collected 94 gold pieces.

Inventory:

Hand Weapons
 a - a +0 mace (weapon)
 g - a +0 short sword of holy wrath
Armour
 b - a +0 robe (worn)
Jewellery
 i - a +2 ring of dexterity (left hand)
 l - a ring of see invisible (right hand)
Scrolls
 d - 2 scrolls of teleportation {unknown}
 h - a scroll of immolation {unknown}
 k - a scroll of remove curse {unknown}
 o - a scroll of identify {unknown}
Potions
 e - a potion of cancellation {unknown}
 m - 2 potions of heal wounds {unknown}
Comestibles
 c - a bread ration
 f - a royal jelly
 j - a meat ration
 n - 3 fruits


   Skills:
 + Level 4.3 Fighting
 + Level 4.3 Maces & Flails
 + Level 3.8 Dodging
 + Level 1.6 Stealth


You had 2 spell levels left.
You didn't know any spells.

Dungeon Overview and Level Annotations

Branches:
Dungeon (1/15)

Altars:


Innate Abilities, Weirdness & Mutations

You reflexively headbutt those who attack you in melee.
You have a pair of horns on your head.


Message History

There is a staircase leading out of the dungeon here.
The jackal barely misses you. You furiously retaliate!
You headbutt the jackal.
You kill the jackal!
The jackal closely misses you. You furiously retaliate!
You headbutt the jackal.
You kill the jackal!
There is a staircase leading out of the dungeon here.
The hobgoblin completely misses you.
There is a staircase leading out of the dungeon here.
The hobgoblin hits you with a club.
* * * LOW HITPOINT WARNING * * *
The hobgoblin hits you but does no damage.
There is a staircase leading out of the dungeon here.
The hobgoblin closely misses you. The hobgoblin misses you.
There is a staircase leading out of the dungeon here.
The hobgoblin hits you with a club.
* * * LOW HITPOINT WARNING * * *
The hobgoblin hits you with a club.
You die...

÷#######.............### ##
##.................## ### #
##.........####......## #.#
##........########.....###.#
#.......####....###.....##.#
##..†...###........##....##.#
#.......##...###...###....#.#
##......###..#####...##....#.#
#.......##..###.@##..##....#.#
#......###..###g##..###....#.#
#......###...##...g.##....##.#
........##....#######....###.#
........###....####......# #.#
........# ##............## #.#
........## ####......#### #.#
...>...(.# ######## #.#
.........####### ### #.#


You could see a hobgoblin.

Vanquished Creatures
  A dart slug (D:1)
  A leopard gecko (D:1)
  A bat (D:1)
  2 giant cockroaches (D:1)
  4 goblins (D:1)
  8 hobgoblins (D:1)
  5 jackals (D:1)
  A ball python (D:1)
  4 frilled lizards (D:1)
  3 kobolds (D:1)
  6 rats (D:1)
36 creatures vanquished.

Notes
Turn   | Place    | Note
-------+----------+-------------------------------------------
     0 | D:1      | Tr0llz0r the Minotaur Monk began the quest for the Orb.
     0 | D:1      | Reached XP level 1. HP: 19/19 MP: 0/0
   266 | D:1      | Reached XP level 2. HP: 6/27 MP: 1/1
   777 | D:1      | Reached XP level 3. HP: 25/33 MP: 2/2
  1058 | D:1      | Slain by a hobgoblin

Skill      XL: |  1  2 |
---------------+-------+-----
Fighting       | 4 |  4.3
Maces & Flails | 4 |  4.3
Dodging        | |  3.8
Stealth        | |  1.6

Action                   || total
-------------------------++-------
Melee: Mace              ||    46
       Headbutt          ||     3
 Stab: Sleeping          ||     1
Armor: Robe              ||    17
Dodge: Dodged            ||    96
